 Dungeon Crawl Stone Soup version 0.30-a0-722-g3e6e8c874d (webtiles) character file.

Game seed: 12488447311302315400

1318931 EnegeticOcto the Eclecticist (level 24, 216/216 HPs)
             Began as a Demigod Venom Mage on Jan 26, 2023.
             Escaped with the Orb
             ... and 3 runes on Jan 28, 2023!
             The game lasted 02:59:04 (112616 turns).

EnegeticOcto the Eclecticist (Demigod Venom Mage) Turns: 112616, Time: 02:59:05

Health: 216/216    AC: 18    Str: 11    XL:     24   Next: 12%
Magic:  51/51      EV: 19    Int: 50    God:
Gold:   6031       SH: 17    Dex: 18    Spells: 4/59 levels left

rFire   + + .      SeeInvis +    b - staff of air
rCold   + + .      Faith    .    M - +4 kite shield {rPois}
rNeg    + . .      Spirit   .    a - +4 troll leather armour
rPois   +          Reflect  .    y - +2 helmet of Segg {Int+5}
rElec   +          Harm     .    l - scarf {rC+ rF+}
rCorr   +          Rampage  .    k - +1 pair of gloves of Lilacs {rN+ SInv Stlth+}
Will    +++..      Archmagi +    O - +2 pair of boots
Stlth   ++                       r - amulet "Lexya" {Acrobat rC+ Will+ Stlth+}
HPRegen 1.36/turn                B - ring "Bustro Jehut" {Wiz +Blink rF+ rCorr Str+2}
MPRegen 0.32/turn                x - ring of the Mage {Wiz Archmagi}

@: no status effects
A: high MP 1, forlorn, divine attributes
0: Orb of Zot
}: 3/15 runes: decaying, silver, gossamer
a: Evoke Blink


You escaped.
You visited 9 branches of the dungeon, and saw 47 of its levels.
You also visited: Gauntlet and Ice Cave.

You collected 10069 gold pieces.
You spent 4038 gold pieces at shops.

Inventory:

Missiles
 i - 3 throwing nets {!f}
 T - 16 curare-tipped darts (quivered)
Armour
 a - a +4 troll leather armour (worn)
   (You found it on level 9 of the Dungeon)
 k - the +1 pair of gloves of Lilacs (worn) {rN+ SInv Stlth+}
   (You found it on level 13 of the Dungeon)

   rN:        It protects you from negative energy.
   SInv:      It lets you see invisible.
   Stlth:     It makes you more stealthy.
 l - a scarf of resistance (worn)
   (You found it on level 4 of the Lair of Beasts)
 y - the +2 helmet of Segg (worn) {Int+5}
   (You found it in a Gauntlet)

   Int:       It affects your intelligence (+5).
 M - a +4 kite shield of poison resistance (worn)
   (You took it off Donald on level 1 of the Swamp)
 O - a +2 pair of boots (worn)
   (You found it on level 2 of the Realm of Zot)
Magical Staves
 b - a staff of air (weapon)
   (You found it on level 3 of the Lair of Beasts)
Jewellery
 r - the amulet "Lexya" (around neck) {Acrobat rC+ Will+ Stlth+}
   (You bought it in a shop on level 2 of the Orcish Mines)

   [amulet of the acrobat]

   It increases your evasion while moving and waiting.
   rC:        It protects you from cold.
   Will:      It increases your willpower.
   Stlth:     It makes you more stealthy.
 x - the ring of the Mage (right hand) {Wiz Archmagi}
   (You took it off a deep elf demonologist on level 3 of the Elven Halls)

   [ring of wizardry]

   It improves your spell success rate.
   Archmagi:  It increases the power of your magical spells.
 B - the ring "Bustro Jehut" (left hand) {Wiz +Blink rF+ rCorr Str+2}
   (You took it off a frost giant on level 5 of the Vaults)

   [ring of wizardry]

   It improves your spell success rate.
   Str:       It affects your strength (+2).
   rF:        It protects you from fire.
   +Blink:    It lets you blink.
   rCorr:     It protects you from acid and corrosion.
 S - a ring of protection from cold
   (You found it on level 2 of the Realm of Zot)
 U - a ring of willpower
   (You found it on level 5 of the Lair of Beasts)
Wands
 h - a wand of quicksilver (51) {@v1}
   (You found it on level 10 of the Dungeon)
 m - a wand of polymorph (24)
   (You found it on level 2 of the Dungeon)
 C - a wand of paralysis (54)
   (You took it off an orc on level 4 of the Dungeon)
 F - a wand of flame (53) {@v4}
   (You took it off Dowan on level 4 of the Dungeon)
 G - a wand of roots (61) {@v2}
   (You took it off Sigmund on level 2 of the Dungeon)
 I - a wand of digging (18) {@v3}
   (You found it in a Gauntlet)
 Q - a wand of mindburst (46)
   (You found it on level 6 of the Dungeon)
Scrolls
 c - 6 scrolls of fog {!r}
 f - 2 scrolls of magic mapping {@r5 !r}
 q - 6 scrolls of silence {!r}
 s - 2 scrolls of fear {!r}
 t - 4 scrolls of butterflies
 u - 12 scrolls of vulnerability
 v - 21 scrolls of teleportation {@r3 !r}
 K - 9 scrolls of poison
 L - 7 scrolls of immolation
 R - 4 scrolls of blinking {@r4}
Potions
 e - 8 potions of brilliance
 j - 13 potions of mutation
 n - 4 potions of haste {@q4 !q}
 p - 4 potions of magic
 w - 6 potions of resistance
 z - 13 potions of heal wounds {@q2 !q}
 A - 5 potions of berserk rage
 D - 8 potions of cancellation
 H - 15 potions of lignification {@q6}
 J - 16 potions of curing {@q1 !q}
 N - 8 potions of flight
 P - a potion of invisibility
 V - 6 potions of attraction
 Z - 7 potions of ambrosia
Miscellaneous
 d - a phantom mirror
   (You found it on level 15 of the Dungeon)
 g - a condenser vane
   (You found it on level 3 of the Elven Halls)
 o - a box of beasts
   (You bought it in a shop on level 1 of the Orcish Mines)
 E - a phial of floods
   (You found it on level 14 of the Dungeon)
 W - a tin of tremorstones (2/2)
   (You found it on level 2 of the Spider Nest)
 X - a piece from Xom's chessboard (15/15)
   (You found it on level 10 of the Dungeon)
 Y - a lightning rod (4/4)
   (You found it on level 13 of the Dungeon)


   Skills:
 - Level 18.0 Fighting
 - Level 0.2 Staves
 + Level 8.4 Armour
 - Level 14.0 Dodging
 - Level 5.0 Stealth
 - Level 12.0 Shields
 - Level 18.1 Spellcasting
 - Level 15.0 Conjurations
 - Level 8.0 Summonings
 - Level 8.0 Necromancy
 - Level 4.0 Translocations
 - Level 1.0 Transmutations
 - Level 16.0 Air Magic
 - Level 9.0 Earth Magic
 - Level 8.1 Poison Magic
 + Level 14.4 Evocations


You had 4 spell levels left.
You knew the following spells:

 Your Spells              Type           Power      Damage    Failure   Level
a - Iron Shot             Conj/Erth      64%        9d12      1%          6
b - Arcjolt               Conj/Air       83%        1d93      1%          5
c - Spellforged Servitor  Conj/Summ      63%        N/A       2%          7
d - Maxwell's Capacitive  Air            83%        ∞         2%          8
e - Summon Small Mammal   Summ           100%       N/A       1%          1
f - Apportation           Tloc           100%       N/A       1%          1
g - Iskenderun's Mystic   Conj/Tloc      100%       2d19      1%          4
h - Conjure Ball Lightni  Conj/Air       83%        3x3d31    1%          6
j - Mephitic Cloud        Conj/Pois/Air  100%       N/A       0%          3
p - Passwall              Tmut/Erth      80%        N/A       1%          2
M - Borgnjor's Vile Clut  Necr/Erth      57%        N/A       1%          5
S - Sublimation of Blood  Necr           100%       N/A       1%          2
V - Swiftness             Air            100%       N/A       0%          3
Y - Blink                 Tloc           100%       N/A       1%          2

Your spell library contained the following spells:

 Spells                   Type           Power      Damage    Failure   Level
 Magic Dart               Conj           100%       1d8       0%          1
 Shock                    Conj/Air       100%       1d9       0%          1
 Cigotuvi's Dreadful Rot  Necr/Pois/Air  100%       N/A       0%          2
 Poisonous Vapours        Pois/Air       100%       N/A       0%          2
 Searing Ray              Conj           100%       2d8       0%          2
 Stone Arrow              Conj/Erth      100%       3d13      0%          3
 Airstrike                Air            83%        2d(12-28) 0%          4
 Beastly Appendage        Tmut           100%       N/A       1%          1
 Foxfire                  Conj/Fire      100%       2x1d9     1%          1
 Necrotise                Necr           100%       1d9       1%          1
 Sandblast                Erth           100%       2d20      1%          1
 Slow                     Hex            100%       N/A       1%          1
 Sting                    Tmut/Pois      100%       1d8       1%          1
 Lesser Beckoning         Tloc           100%       N/A       1%          2
 Momentum Strike          Conj/Tloc      100%       3d10      1%          2
 Wereblood                Tmut           70%        N/A       1%          2
 Confusing Touch          Hex            61%        N/A       1%          3
 Dazzling Flash           Conj/Hex       100%       N/A       1%          3
 Gell's Gravitas          Tloc           91%        N/A       1%          3
 Ignite Poison            Fire/Tmut/Pois 85%        N/A       1%          3
 Kindle Blastsparks       Fire/Tloc/Air  100%       2d18      1%          3
 Ozocubu's Armour         Ice            61%        N/A       1%          3
 Portal Projectile        Hex/Tloc       100%       N/A       1%          3
 Spider Form              Tmut/Pois      94%        N/A       1%          3
 Teleport Other           Tloc           91%        N/A       1%          3
 Tukima's Dance           Hex            61%        N/A       1%          3
 Vampiric Draining        Necr           100%       2d13      1%          3
 Anguish                  Hex/Necr       45%        N/A       1%          4
 Animate Armour           Summ/Erth      100%       N/A       1%          4
 Animate Dead             Necr           100%       N/A       1%          4
 Fulminant Prism          Conj/Hex       55%        3d25      1%          4
 Manifold Assault         Tloc           91%        N/A       1%          4
 Olgreb's Toxic Radiance  Pois           100%       N/A       1%          4
 Passage of Golubria      Tloc           91%        N/A       1%          4
 Petrify                  Tmut/Erth      97%        N/A       1%          4
 Summon Lightning Spire   Summ/Air       100%       N/A       1%          4
 Agony                    Necr           100%       N/A       1%          5
 Alistair's Intoxication  Tmut/Pois      62%        N/A       1%          5
 Fireball                 Conj/Fire      55%        3d21      1%          5
 Freezing Cloud           Conj/Ice/Air   73%        6-21      1%          5
 Iskenderun's Battlesphe  Conj           100%       2d15      1%          5
 Lee's Rapid Deconstruct  Erth           58%        3d27*     1%          5
 Lightning Bolt           Conj/Air       83%        1d110     1%          5
 Silence                  Hex/Air        68%        N/A       1%          5
 Summon Forest            Summ/Tloc      51%        N/A       1%          5
 Summon Mana Viper        Hex/Summ       91%        N/A       1%          5
 Starburst                Conj/Fire      55%        6d15      1%          6
 Summon Cactus Giant      Summ           56%        N/A       1%          6
 Orb of Destruction       Conj           69%        9d16      1%          7
 Blade Hands              Tmut           35%        N/A       5%          5
 Statue Form              Tmut/Erth      64%        N/A       5%          6
 Yara's Violent Unravell  Hex/Tmut       33%        3d14      6%          5
 Eringya's Noxious Bog    Tmut/Pois      47%        N/A       7%          6
 Storm Form               Tmut/Air       69%        N/A       7%          7
 Metabolic Englaciation   Hex/Ice        30%        N/A       8%          5
 Dispersal                Tloc           45%        N/A       9%          6
 Simulacrum               Ice/Necr       45%        N/A       9%          6
 Haunt                    Necr/Summ      56%        N/A       9%          7
 Summon Hydra             Summ           56%        N/A       9%          7
 Infestation              Necr           56%        N/A       50%         8
 Enfeeble                 Hex            30%        N/A       88%         7
 Ozocubu's Refrigeration  Ice            30%        4d14      88%         7
 Disjunction              Tloc           45%        N/A       95%         8
 Discord                  Hex            30%        N/A       100%        8
 Ignition                 Fire           30%        3d10      100%        8


Dungeon Overview and Level Annotations

Branches:
Dungeon (15/15)            Temple (0/1) D:7            Lair (5/5) D:10
  Swamp (4/4) Lair:2       Spider (4/4) Lair:3        Slime (0/5) Lair:4
    Orc (2/2) D:12            Elf (3/3) Orc:2        Vaults (5/5) D:13
  Crypt (0/3) Vaults:2     Depths (4/4) D:15            Zot (5/5) Depths:4
  IceCv (visited)         Gauntlet (visited)

Shops:
D:3 *   D:7 :   D:13 ([   Orc:1 :*   Orc:2 (=([   Elf:1 ::=   Vaults:2 :
Depths:2 [   Depths:3 [

Portals:
Hell: Depths:1 Depths:2 Depths:3 Depths:4
Abyss: Depths:2 Depths:3 Depths:4
Pandemonium: Depths:2 Depths:3
Ziggurat: Depths:4

Annotations:
D:5 exclusion: necrophage
D:10 2 runed translucent doors, exclusion: 2 doors, Rider's ghost, journeyman FoFi
Swamp:3 Roxanne
Elf:2 5 runed translucent doors, exclusion: 5 doors, Nikola
Vaults:2 1 transporter, exclusion: orange crystal statue
Depths:3 2 transporters, Uhytecu's ghost, adept MiBe
Depths:4 4 exclusions
Zot:2 2 exclusions
Zot:5 1 exclusion


Innate Abilities, Weirdness & Mutations

You have an increased reservoir of magic. (+10% MP)
You shall have no god before yourself.
Your divine heritage dramatically boosts your attributes as you level up.


Message History

You see here a +0 flail.
You see here a +0 whip.
Things that are here:
a stone; a +0 dagger
There is a stone staircase leading up here.
You climb upwards.
Level annotation: 2 runed translucent doors, exclusion: 2 doors, Rider's ghost, journeyman FoFi
There is a stone staircase leading down here.
There is a stone staircase leading up here.
You climb upwards.
There is a stone staircase leading down here.
There is a stone staircase leading up here.
You climb upwards.
There is a stone staircase leading down here.
There is a bloodstained altar of Trog here.
A ynoxinul comes into view.
Unknown command.
Casting: Iron Shot (mildly dangerous; 1% risk of failure)
Confirm with . or Enter, or press ? or * to list all spells.
Aiming: Iron Shot (mildly dangerous; 1% risk of failure)
Press: ? - help, Shift-Dir - straight line, f - ynoxinul
Aim: a ynoxinul (81% to hit)
You feel a surge of power!
The iron shot misses the ynoxinul.
Casting: Iron Shot (mildly dangerous; 1% risk of failure)
Confirm with . or Enter, or press ? or * to list all spells.
Aiming: Iron Shot (mildly dangerous; 1% risk of failure)
Press: ? - help, Shift-Dir - straight line, f/p - ynoxinul
Aim: a ynoxinul (81% to hit)
You feel a surge of power!
The iron shot misses the ynoxinul.
Casting: Iron Shot (mildly dangerous; 1% risk of failure)
Confirm with . or Enter, or press ? or * to list all spells.
Aiming: Iron Shot (mildly dangerous; 1% risk of failure)
Press: ? - help, Shift-Dir - straight line, f/p - ynoxinul
Aim: a ynoxinul (81% to hit)
You feel a surge of power!
The iron shot hits the ynoxinul!!!
You kill the ynoxinul!
(D) Dungeon (T) Temple (L) Lair (S) Swamp (N) Spider Nest (M) Slime Pits (O) Orcish Mines (E) Elven Halls (V) Vaults (C) Crypt (U) Depths (H) Hell (Z) Zot
Where to? (Enter - D:1 @ (x,y), ? - help)
There is a stone staircase leading up here.
You climb upwards.
There is a stone staircase leading down here.
There is a stone staircase leading up here.
You climb upwards.
There is a stone staircase leading down here.
A sixfirhy comes into view.
There is a stone staircase leading up here.
There is a stone staircase leading up here.
The sixfirhy hits you but does no damage. x2
You climb upwards.
Level annotation: exclusion: necrophage
There is a stone staircase leading down here.
(D) Dungeon (T) Temple (L) Lair (S) Swamp (N) Spider Nest (M) Slime Pits (O) Orcish Mines (E) Elven Halls (V) Vaults (C) Crypt (U) Depths (H) Hell (Z) Zot
Where to? (Enter - D:1 @ (x,y), ? - help) Magic restored.
There is a stone staircase leading up here.
You climb upwards.
There is a stone staircase leading down here.
Things that are here:
a +0 spear; a +0 leather armour You see here a +0 flail.
There is a stone staircase leading up here.
You climb upwards.
There is a stone staircase leading down here.
An Imaatt, a Brimstone Fiend and an ancient lich come into view.
Press: ? - help, v - describe, . - travel The floor.
There is a cloud of freezing vapour here.
Unknown command.
Press: ? - help, v - describe, . - travel
Here: Imaatt (surrounded by freezing clouds)
The floor.
Unknown command.
Unknown command.
Blink to where?
Press: ? - help, Dir - move target
As you read the scroll of blinking {@r4}, it crumbles to dust.
The ancient lich shouts!
Imaatt moves out of view.
The Brimstone Fiend moves out of view.
There is a stone staircase leading up here.
You climb upwards.
There is a stone staircase leading down here.
(D) Dungeon (T) Temple (L) Lair (S) Swamp (N) Spider Nest (M) Slime Pits (O) Orcish Mines (E) Elven Halls (V) Vaults (C) Crypt (U) Depths (H) Hell (Z) Zot
Where to? (Enter - D:1 @ (x,y), ? - help)
What level of the Dungeon? (default 1, ? - help)
There is a stone staircase leading up, spattered with blood here.
You climb upwards.
There is a stone staircase leading down here.
There is an open door here.
There is an escape hatch in the floor here.
There is a staircase leading out of the dungeon here.
You have escaped!

##.##########......#
#.#.###)
#.........##......#
#.......
#..######.###.#.#.#
###.#### #..# #.##......#
#.#
#..######.##......######.#
#......##.##.##.####.....#
##.###....##......########
#.# ####.##..[...#
#.######.##@...###
#........##......#
###########......#
####.#.# #......# #####
#......######...# ###
#.##..###.......# ##.#####
#......######...#
##......####......# ##.###


There were no monsters in sight!

Vanquished Creatures
  An ancient lich (Zot:5)
  An orb of fire (Zot:5)
  A juggernaut (Depths:4)
  Parghit (Zot:2)
  2 Killer Klowns (Zot:4)
  4 curse toes
  Frederick (Vaults:5)
  2 golden dragons
  An iron giant (Depths:3)
  A Brimstone Fiend (Depths:2)
  Jorgrun (Swamp:2)
  2 walking crystal tomes (Depths:3)
  An Ice Fiend (IceCv)
  A lich (Depths:4)
  10 tentacled monstrosities
  2 deep elf blademasters (Elf:3)
  15 quicksilver dragons
  A walking earthen tome (Depths:3)
  2 deep elf master archers (Elf:3)
  2 titans
  2 Orb Guardians
  An Executioner (Depths:2)
  Frances (Elf:1)
  10 death cobs
  Kirke (Lair:4)
  5 shadow dragons
  4 sphinxes
  2 thorn hunters
  3 tengu reavers
  5 storm dragons (Zot:1)
  A draconian knight (Zot:5)
  The ghost of Arximoufas the Severer, an adept DsBe of Trog (Swamp:3)
  Donald (Swamp:1)
  3 fire giants
  8 draconian monks
  2 fenstrider witches
  7 frost giants
  6 deep elf sorcerers
  A draconian scorcher (Zot:2)
  2 emperor scorpions
  8 vault wardens
  6 draconian shifters
  A balrug (Depths:2)
  The ghost of Hallut the Thrower, a journeyman OgFi (D:14)
  A juggernaut zombie (Depths:3)
  5 ghost moths
  4 ghouls (Swamp:4)
  2 orc warlords
  A caustic shrike zombie (Depths:3)
  A war gargoyle (Vaults:5)
  11 stone giants
  A cacodemon (Depths:2)
  24 very ugly things
  3 deep elf elementalists (Elf:3)
  A spriggan defender (Depths:4)
  4 ironbound thunderhulks
  24 ironbound preservers
  3 draconian annihilators
  2 juggernaut skeletons (Depths:3)
  5 eleionomae
  11 deep elf demonologists
  2 red draconians
  7 vampire knights
  A yellow draconian (Zot:4)
  5 green draconians
  2 black draconians (Zot:2)
  4 deep elf annihilators
  9 dire elephants
  4 white draconians
  10 bunyips
  16 purple draconians
  4 spark wasps
  2 crystal guardians
  Snorg (D:12)
  2 blizzard demons
  A quicksilver dragon zombie (Depths:3)
  A shambling mangrove (Swamp:4)
  6 ettins
  3 deep elf death magi (Elf:3)
  9 yaktaur captains
  2 deep elf high priests (Elf:3)
  15 hydras
  7 entropy weavers
  5 great orbs of eyes
  13 fire dragons
  A caustic shrike simulacrum (IceCv)
  3 rakshasas
  11 vault guards
  5 ice dragons
  A jorogumo (Spider:3)
  A hell beast (Depths:1)
  4 peacekeepers
  4 ironbound frosthearts
  5 spriggan air magi
  A radroach (shapeshifter) (D:15)
  2 ghost crabs
  14 centaur warriors
  2 catoblepae (Lair:3)
  15 dancing weapons
  8 boulder beetles
  7 radroaches
  7 deep troll shamans
  6 alligators
  3 two-headed ogres
  8 tengu warriors
  7 death yaks
  5 deep troll earth magi
  Urug (D:13)
  A titan zombie (Depths:2)
  An orc high priest (Orc:2)
  7 spriggan berserkers
  23 hell knights
  A sixfirhy (Gauntlet)
  15 spriggans
  13 deep elf knights
  A vampire mage (Depths:4)
  A fire crab (Swamp:4)
  7 iron trolls
  6 pharaoh ants
  72 deep trolls
  4 spriggan druids
  5 goliath frogs
  4 glowing orange brains
  3 sun moths
  A sea snake (shapeshifter) (Elf:1)
  An orb spider (shapeshifter) (Vaults:5)
  12 orb spiders
  10 bog bodies
  5 swamp dragons
  9 wizards
  12 deep elf archers
  A spriggan simulacrum (Depths:2)
  The ghost of Zeoj the Covert, a novice FeDe of Hepliaklqana (D:13)
  2 obsidian statues (IceCv)
  5 orc knights
  6 necromancers
  2 lindwurms (Swamp:4)
  A stone giant zombie (Depths:2)
  21 deep elf zephyrmancers
  12 ironbound convokers
  17 deep elf pyromancers
  3 cyclopes
  2 frost giant zombies (Depths:2)
  5 orc sorcerers
  9 steelbarb worms
  6 harpies
  A salamander (shapeshifter) (Elf:1)
  A cyclops (shapeshifter) (Depths:3)
  14 wolf spiders
  5 manticores
  8 will-o-the-wisps
  48 ugly things
  2 sphinx skeletons (Depths:3)
  7 elephants
  An iron dragon zombie (Depths:2)
  17 moths of wrath
  An iron dragon skeleton (Depths:2)
  14 vault sentinels
  8 demonic crawlers
  5 black mambas
  A gargoyle (D:13)
  An orange demon (Depths:3)
  6 torpor snails
  A molten gargoyle (Swamp:4)
  8 large abominations (Depths:3)
  25 cane toads
  4 unseen horrors (Depths:3)
  A cane toad (shapeshifter) (Elf:1)
  A hellion (Depths:3)
  Maggie (Lair:1)
  A nameless horror (Depths:2)
  A rime drake (shapeshifter) (D:15)
  3 rime drakes
  6 freezing wraiths
  2 tengu conjurers
  7 komodo dragons
  35 yaktaurs
  2 ice devils (IceCv)
  A spark wasp simulacrum (Depths:3)
  An efreet (D:14)
  9 trolls
  3 red devils
  2 bloated husks
  10 tyrant leeches
  13 blink frogs
  A hellwing (Depths:3)
  18 hornets
  A queen bee (Vaults:3)
  A polar bear (Lair:1)
  14 meliai
  30 tarantellas
  34 jumping spiders
  2 shadows
  Sigmund (D:2)
  25 slime creatures
  3 small abominations (Depths:3)
  3 spriggan skeletons
  23 culicivoras
  2 vampires
  An air elemental (Elf:2)
  4 wyverns
  9 basilisks
  6 water elementals
  2 wraiths (D:12)
  A ynoxinul (D:8)
  Eustachio (D:6)
  43 yaks
  3 fire elementals
  6 hogs (Lair:4)
  A chaos spawn (Depths:2)
  37 redbacks
  6 steam dragons
  25 vampire mosquitoes
  6 wargs
  15 swamp worms
  2 harpy simulacra (IceCv)
  2 acid dragons
  13 water moccasins
  Duvessa (D:4)
  An ice beast (D:7)
  2 floating eyes
  8 swamp drakes (Swamp:4)
  26 orc warriors
  A swamp drake (shapeshifter) (Vaults:3)
  A sky beast (D:7)
  A black bear (Lair:2)
  6 ogres
  15 wolves
  4 boggarts (Vaults:1)
  14 centaurs
  2 phantoms
  3 kobold brigands
  2 necrophages (Swamp:4)
  11 bullfrogs
  4 gnoll sergeants
  A scorpion (shapeshifter) (Elf:1)
  5 earth elementals
  A deep troll simulacrum (IceCv)
  5 scorpions
  A hornet simulacrum (D:14)
  Dowan (D:4)
  A lindwurm simulacrum (IceCv)
  10 killer bees
  3 howler monkeys
  4 electric eels
  A lava snake (Swamp:4)
  2 hounds (D:9)
  4 gnoll boudas
  24 orc priests
  3 iguanas
  Natasha (thrice) (D:1)
  30 orc wizards
  16 gnolls
  6 adders
  4 white imps
  3 ufetubi
  A worm (shapeshifter) (Elf:1)
  4 worms
  4 dart slugs
  59 orcs
  11 bats
  6 endoplasms
  A giant cockroach (D:2)
  2 goblins
  8 hobgoblins
  10 jackals
  A quokka (shapeshifter) (Elf:1)
  3 quokkas
  10 ball pythons
  2 frilled lizards (D:1)
  30 kobolds
  5 rats
  A fire vortex (Swamp:4)
1802 creatures vanquished.

Vanquished Creatures (collateral kills)
  2 ancient liches
  Saint Roka (Vaults:4)
  4 golden dragons
  A bone dragon (Vaults:2)
  9 tentacled monstrosities
  5 Orb Guardians
  3 quicksilver dragons (Zot:2)
  A titan (Vaults:5)
  A sphinx (Vaults:3)
  2 death cobs (Zot:1)
  3 tengu reavers (Vaults:5)
  7 storm dragons
  A draconian monk (Zot:3)
  A shadow dragon (Zot:5)
  2 draconian knights
  A fire giant (Vaults:5)
  A balrug (Depths:1)
  7 vault wardens
  3 draconian shifters
  2 draconian scorchers (Zot:1)
  3 iron dragons
  2 draconian annihilators
  3 war gargoyles
  5 ironbound preservers
  5 very ugly things
  3 ironbound thunderhulks
  3 yellow draconians
  3 stone giants
  3 green draconians
  6 black draconians
  2 white draconians
  A dire elephant (Vaults:2)
  8 purple draconians
  6 ettins
  2 red draconians
  A crystal guardian (Vaults:4)
  A yaktaur captain (Vaults:5)
  2 fire dragons
  A rakshasa (Depths:1)
  24 vault guards
  A spriggan air mage (Depths:1)
  2 ironbound frosthearts (Vaults:3)
  An ogre mage (Vaults:5)
  A deep troll earth mage (Vaults:5)
  A soul eater (Depths:1)
  A hell knight (Vaults:5)
  3 sun demons (Depths:1)
  A death drake (shapeshifter) (Vaults:5)
  A sixfirhy (Zot:1)
  6 deep trolls
  A glowing orange brain (Depths:2)
  3 lindwurms (Vaults:3)
  An ironbound convoker (Vaults:5)
  An orc knight (Vaults:3)
  2 necromancers (Depths:1)
  3 harpies
  14 ugly things
  10 moths of wrath
  2 vault sentinels
  A smoke demon (Depths:1)
  A tormentor (Depths:4)
  A freezing wraith (Vaults:5)
  2 yaktaurs (Vaults:3)
  4 ice devils (Depths:1)
  A hornet (Vaults:5)
  4 slime creatures (Vaults:2)
  3 crimson imps (Depths:1)
  A white imp (Depths:1)
  3 orcs (Vaults:4)
  30 ball lightnings
247 creatures vanquished.

Vanquished Creatures (others)
  A purple draconian (Zot:3)
  A bog body (Swamp:3)
  An ugly thing (Elf:3)
  A bloated husk (Swamp:3)
  A hornet (Swamp:4)
  A spriggan (Swamp:4)
  A floating eye (shapeshifter) (Elf:1)
  A swamp drake (Swamp:4)
  A necrophage (Swamp:4)
  749 ball lightnings
  11 foxfires
  15 fungi
  98 plants
882 creatures vanquished.

Grand Total: 2931 creatures vanquished

Notes
Turn   | Place    | Note
-------+----------+-------------------------------------------
     0 | D:1      | EnegeticOcto the Demigod Venom Mage began the quest for the
                  | Orb.
     0 | D:1      | Reached XP level 1. HP: 14/14 MP: 5/5
   120 | D:1      | Reached skill level 2 in Stealth
   515 | D:1      | Reached skill level 1 in Air Magic
   515 | D:1      | Reached skill level 1 in Transmutations
   648 | D:1      | Reached XP level 2. HP: 13/20 MP: 0/7
   714 | D:1      | Learned a level 2 spell: Poisonous Vapours
  1022 | D:1      | Reached skill level 2 in Spellcasting
  1131 | D:1      | Reached skill level 3 in Poison Magic
  2017 | D:2      | Noticed Sigmund
  3052 | D:2      | Reached XP level 3. HP: 26/26 MP: 2/8
  3104 | D:2      | Learned a level 3 spell: Mephitic Cloud
  5312 | D:2      | Noticed Natasha
  5339 | D:1      | Killed Natasha
  5340 | D:1      | Reached skill level 3 in Stealth
  5340 | D:1      | Reached skill level 1 in Fighting
  5863 | D:1      | Noticed Natasha
  5873 | D:1      | Killed Natasha
  5874 | D:1      | Reached skill level 2 in Fighting
  5874 | D:1      | Reached XP level 4. HP: 19/36 MP: 2/9
  6261 | D:1      | Noticed Natasha
  6270 | D:1      | Killed Natasha
  7101 | D:2      | Identified the +1 leather armour "Yvaxuel" {rPois}
  7108 | D:2      | Identified the +1 short sword "Anuts" {holy, *Slow Will+
                  | Str+6 SInv}
  7514 | D:3      | Found Javveimp's General Store.
  7523 | D:3      | Bought a scroll of butterflies for 40 gold pieces
  7962 | D:3      | Reached XP level 5. HP: 34/44 MP: 4/11
  8125 | D:3      | Bought a scroll of teleportation for 30 gold pieces
  8933 | D:4      | Noticed Duvessa
  8933 | D:4      | Noticed Dowan
 10151 | D:4      | Killed Duvessa
 10152 | D:4      | Reached skill level 3 in Fighting
 10152 | D:4      | Reached skill level 1 in Conjurations
 10795 | D:3      | Reached XP level 6. HP: 47/51 MP: 0/12
 11211 | D:4      | Paralysed by an orc for 4 turns
 11347 | D:4      | Killed Dowan
 11348 | D:4      | Reached skill level 2 in Air Magic
 12121 | D:2      | Killed Sigmund
 12122 | D:2      | Reached skill level 3 in Spellcasting
 12122 | D:2      | Reached skill level 2 in Conjurations
 12122 | D:2      | Reached skill level 4 in Poison Magic
 13042 | D:5      | Entered Level 5 of the Dungeon
 13070 | D:4      | Learned a level 4 spell: Olgreb's Toxic Radiance
 13325 | D:5      | Reached skill level 5 in Poison Magic
 13325 | D:5      | Reached XP level 7. HP: 57/57 MP: 7/14
 14187 | D:6      | Reached skill level 4 in Fighting
 14276 | D:6      | Reached skill level 4 in Spellcasting
 14445 | D:6      | Learned a level 1 spell: Summon Small Mammal
 14521 | D:6      | Noticed Eustachio
 14528 | D:6      | Reached skill level 1 in Evocations
 14532 | D:6      | Killed Eustachio
 14533 | D:6      | Reached XP level 8. HP: 65/67 MP: 5/18
 14593 | D:3      | Bought a scroll of blinking for 75 gold pieces
 14708 | D:6      | Reached skill level 5 in Fighting
 14708 | D:6      | Reached skill level 2 in Evocations
 14711 | D:6      | Reached skill level 5 in Spellcasting
 15189 | D:6      | Reached skill level 3 in Evocations
 15778 | D:6      | Reached skill level 4 in Stealth
 16267 | D:6      | Reached skill level 5 in Stealth
 16545 | D:7      | Found Kouc Yda's Book Shop.
 16708 | D:7      | Reached skill level 2 in Dodging
 16708 | D:7      | Reached XP level 9. HP: 73/74 MP: 11/21
 16896 | D:7      | Found a staircase to the Ecumenical Temple.
 17407 | D:8      | Reached skill level 6 in Spellcasting
 17516 | D:8      | Noticed a two-headed ogre
 17520 | D:8      | Reached skill level 6 in Poison Magic
 17528 | D:8      | Killed a two-headed ogre
 17529 | D:8      | Reached skill level 4 in Dodging
 17757 | D:8      | Reached skill level 7 in Poison Magic
 18321 | D:8      | Reached skill level 5 in Dodging
 19134 | D:9      | Reached XP level 10. HP: 81/81 MP: 9/22
 19514 | D:9      | Reached skill level 8 in Poison Magic
 19516 | D:9      | Reached skill level 6 in Dodging
 19661 | D:9      | Learned a level 3 spell: Stone Arrow
 20045 | D:9      | Reached skill level 1 in Earth Magic
 20130 | D:9      | Reached skill level 3 in Conjurations
 20130 | D:9      | Reached skill level 2 in Earth Magic
 20455 | D:10     | Entered Level 10 of the Dungeon
 20467 | D:10     | Reached skill level 3 in Earth Magic
 20468 | D:10     | Reached skill level 4 in Conjurations
 20604 | D:10     | Reached skill level 4 in Earth Magic
 21317 | D:10     | Reached skill level 5 in Conjurations
 21318 | D:10     | Reached skill level 6 in Fighting
 21403 | D:10     | Found a large runed translucent door.
 21403 | D:10     | Found a large runed translucent door.
 21404 | D:10     | Noticed Rider's ghost (journeyman FoFi)
 21978 | D:10     | Reached XP level 11. HP: 91/91 MP: 12/24
 22119 | D:10     | Found a staircase to the Lair.
 22271 | D:10     | Learned a level 4 spell: Iskenderun's Mystic Blast
 22282 | Lair:1   | Entered Level 1 of the Lair of Beasts
 22450 | Lair:1   | Reached skill level 6 in Conjurations
 22516 | Lair:1   | Reached skill level 1 in Translocations
 22587 | Lair:1   | Noticed Maggie
 22596 | Lair:1   | Killed Maggie
 22597 | Lair:1   | Reached skill level 7 in Fighting
 22701 | Lair:1   | Reached skill level 2 in Translocations
 22887 | Lair:1   | Reached skill level 3 in Translocations
 23642 | Lair:2   | Reached skill level 8 in Fighting
 23642 | Lair:2   | Reached skill level 4 in Translocations
 23796 | Lair:2   | Learned a level 2 spell: Passwall
 23823 | Lair:2   | Found a gate leading to a gauntlet.
 23847 | Gauntlet | Entered a Gauntlet
 23847 | Gauntlet | Found a transporter.
 23847 | Gauntlet | Found a runed translucent gate.
 23847 | Gauntlet | Found a transporter.
 23907 | Gauntlet | Found a runed translucent gate.
 23917 | Gauntlet | Found a transporter.
 23935 | Gauntlet | Found a transporter.
 23935 | Gauntlet | Found a transporter.
 23935 | Gauntlet | Found a transporter.
 23936 | Gauntlet | Noticed a sixfirhy
 23937 | Gauntlet | Found a transporter.
 23937 | Gauntlet | Found a transporter.
 23950 | Gauntlet | Found a transporter.
 23963 | Gauntlet | Noticed a hell beast
 23965 | Gauntlet | Found a transporter.
 23974 | Gauntlet | Found a runed translucent door.
 23975 | Gauntlet | Found a transporter.
 23976 | Gauntlet | Found a runed translucent door.
 23979 | Gauntlet | Found a transporter.
 23981 | Gauntlet | Noticed a quicksilver ooze
 24017 | Gauntlet | Found a transporter.
 24029 | Gauntlet | Found a transporter.
 24045 | Gauntlet | Found a runed translucent gate.
 24046 | Gauntlet | a moth of wrath changed into a lindwurm
 24046 | Gauntlet | Noticed a lindwurm (shapeshifter)
 24309 | Gauntlet | Noticed a glowing orange brain
 24320 | Gauntlet | Killed a sixfirhy
 24512 | Gauntlet | Identified the +2 helmet of Segg {Int+5}
 24522 | Gauntlet | Identified the +9 lajatang of Bez Niwk {venom, rPois rF-
                  | Str+3}
 24522 | Gauntlet | Noticed a minotaur
 24540 | Gauntlet | Identified the +0 scale mail "Akell" {rN++ Regen+}
 24651 | Lair:2   | Noticed Sonja
 24652 | Lair:2   | Sonja changed into Sonja the blink frog
 24652 | Lair:2   | Noticed Sonja
 24658 | Lair:2   | Killed Sonja the blink frog
 25081 | Lair:2   | Reached skill level 7 in Conjurations
 25160 | Lair:2   | Reached skill level 7 in Spellcasting
 25536 | Lair:2   | Found a staircase to the Swamp.
 26197 | Lair:3   | Reached skill level 5 in Earth Magic
 26249 | Lair:3   | Reached XP level 12. HP: 82/101 MP: 9/26
 26479 | Lair:3   | Reached skill level 8 in Conjurations
 26480 | Lair:3   | Noticed a catoblepas
 26488 | Lair:3   | Killed a catoblepas
 26618 | Lair:3   | Found a hole to the Spider Nest.
 26651 | Lair:3   | Reached skill level 6 in Earth Magic
 27103 | Lair:3   | Reached skill level 7 in Earth Magic
 27629 | Lair:3   | Noticed a catoblepas
 27804 | Lair:3   | Killed a catoblepas
 27805 | Lair:3   | Reached skill level 8 in Earth Magic
 28108 | Lair:4   | Noticed Kirke
 28126 | Lair:4   | Killed Kirke
 28127 | Lair:4   | Reached skill level 9 in Earth Magic
 28435 | Lair:4   | Reached skill level 9 in Conjurations
 28611 | Lair:4   | Found a staircase to the Slime Pits.
 28821 | Lair:4   | Identified the ring "Fuhajyzo" {rC- rN+++ rCorr Str-3
                  | Dex+2}
 29044 | Lair:5   | Entered Level 5 of the Lair of Beasts
 29914 | Lair:5   | Reached skill level 4 in Evocations
 30034 | Lair:5   | Reached skill level 10 in Conjurations
 30034 | Lair:5   | Reached XP level 13. HP: 86/107 MP: 5/27
 30791 | Lair:5   | Reached skill level 5 in Evocations
 32049 | Lair:5   | Reached skill level 6 in Evocations
 32398 | Lair:5   | Reached skill level 11 in Conjurations
 33439 | D:11     | Identified the +3 rapier of Plog {freeze, Str+3}
 33765 | D:11     | Reached skill level 12 in Conjurations
 33887 | D:11     | Reached skill level 1 in Shields
 33892 | D:11     | Reached skill level 2 in Shields
 34267 | D:11     | Identified a scroll of acquirement
 34267 | D:11     | Acquired 1326 gold pieces
 34610 | D:12     | Noticed Snorg
 35506 | D:12     | Reached skill level 3 in Shields
 35579 | D:12     | Learned a level 2 spell: Blink
 35719 | D:12     | Killed Snorg
 35772 | D:12     | Found a staircase to the Orcish Mines.
 36132 | Orc:1    | Entered Level 1 of the Orcish Mines
 36186 | Orc:1    | Found Otim Qiam's Book Shop.
 36190 | Orc:1    | Found Jotsohesh's Gadget Gallery.
 36193 | Orc:1    | Reached skill level 9 in Fighting
 36368 | Orc:1    | Bought a wand of paralysis (4) for 134 gold pieces
 36594 | Orc:2    | Entered Level 2 of the Orcish Mines
 36723 | Orc:2    | Found a staircase to the Elven Halls.
 36870 | Orc:2    | Reached skill level 4 in Shields
 37228 | Orc:2    | Reached skill level 1 in Summonings
 37381 | Orc:2    | Found Povay's Armour Emporium.
 37381 | Orc:2    | Found Gaumum's Weapon Emporium.
 37382 | Orc:2    | Found Sunlaut's Antique Weapon Shoppe.
 37386 | Orc:2    | Found Xiat's Jewellery Shoppe.
 37448 | Orc:2    | Reached XP level 14. HP: 96/118 MP: 18/28
 37454 | Orc:2    | Reached skill level 2 in Summonings
 37467 | Orc:2    | Paralysed by an orc sorcerer for 4 turns
 37791 | Orc:2    | Bought the amulet "Lexya" {Acrobat rC+ Will+ Stlth+} for
                  | 786 gold pieces
 37791 | Orc:2    | Bought a ring of magical power for 300 gold pieces
 37791 | Orc:2    | Bought a ring of poison resistance for 300 gold pieces
 37856 | Orc:1    | Bought a wand of quicksilver (6) for 352 gold pieces
 37856 | Orc:1    | Bought a wand of quicksilver (4) for 235 gold pieces
 37856 | Orc:1    | Bought a box of beasts for 560 gold pieces
 37856 | Orc:1    | Bought a box of beasts for 560 gold pieces
 37938 | D:13     | Found Sochuts's Weapon Boutique.
 37943 | D:13     | Bought 2 curare-tipped darts for 36 gold pieces
 37983 | D:13     | Noticed Nessos
 37984 | D:13     | Nessos changed into Nessos the moth of wrath
 37984 | D:13     | Noticed Nessos
 37987 | D:13     | Killed Nessos the moth of wrath
 38069 | D:13     | Noticed Urug
 38078 | D:13     | Killed Urug
 38178 | D:13     | Identified the +1 pair of gloves of Lilacs {rN+ SInv
                  | Stlth+}
 38215 | D:13     | Reached skill level 5 in Shields
 38215 | D:13     | Reached skill level 3 in Summonings
 38703 | D:13     | Reached skill level 4 in Summonings
 38831 | D:13     | Found a gate to the Vaults.
 38831 | D:13     | Noticed an ironbound preserver
 38837 | D:13     | Reached skill level 10 in Fighting
 38864 | D:13     | Killed an ironbound preserver
 39317 | D:13     | Found Tuin Boch's Antique Armour Emporium.
 39422 | D:13     | Learned a level 5 spell: Borgnjor's Vile Clutch
 39475 | D:13     | Found a runed translucent gate.
 39475 | D:13     | Noticed Zeoj's ghost (novice FeDe)
 39476 | D:13     | Found a runed translucent gate.
 39476 | D:13     | Found a runed translucent gate.
 39731 | D:13     | Killed Zeoj's ghost
 39732 | D:13     | Reached skill level 1 in Necromancy
 39858 | D:14     | Found a large runed translucent door.
 39858 | D:14     | Found a large runed translucent door.
 39863 | D:14     | Noticed Hallut's ghost (journeyman OgFi)
 39895 | D:14     | Reached skill level 2 in Necromancy
 40071 | D:14     | Reached skill level 3 in Necromancy
 40743 | D:14     | Reached skill level 4 in Necromancy
 41047 | D:14     | Reached skill level 5 in Necromancy
 41659 | D:14     | Reached skill level 6 in Necromancy
 41890 | D:14     | Killed Hallut's ghost
 42115 | D:15     | Entered Level 15 of the Dungeon
 42384 | D:15     | Reached skill level 7 in Necromancy
 43072 | D:15     | Noticed a fire giant
 43338 | D:15     | Reached skill level 8 in Necromancy
 43358 | D:15     | HP: 6/121 [poisoned by a green ugly thing]
 43363 | D:15     | HP: 3/121 [poisoned by a green ugly thing]
 43755 | D:15     | Paralysed by a hornet for 2 turns
 43933 | D:15     | Found a staircase to the Depths.
 44283 | D:15     | Killed a fire giant
 44284 | D:15     | Reached XP level 15. HP: 93/126 MP: 20/30
 44406 | D:15     | Reached skill level 6 in Shields
 44597 | D:15     | Identified the +5 war axe of the Median {antimagic, rElec}
 44631 | D:15     | Identified the +1 pair of boots of Jonagalu {rC+}
 44856 | D:7      | Bought a book of Power for 630 gold pieces
 45077 | Spider:1 | Entered Level 1 of the Spider Nest
 45098 | Spider:1 | Reached skill level 8 in Spellcasting
 45572 | Spider:1 | Reached skill level 7 in Shields
 46114 | Spider:1 | Got Kidouclucs's Octavo of the Grounded Storm
 46697 | Spider:2 | Reached skill level 9 in Spellcasting
 46697 | Spider:2 | Reached skill level 3 in Air Magic
 46860 | Spider:2 | Reached skill level 8 in Shields
 47243 | Spider:2 | Reached skill level 4 in Air Magic
 47490 | Spider:2 | Reached skill level 5 in Air Magic
 48420 | Spider:3 | Reached skill level 6 in Air Magic
 48865 | Spider:3 | Reached skill level 7 in Air Magic
 49886 | Spider:3 | Reached skill level 8 in Air Magic
 50018 | Spider:4 | Entered Level 4 of the Spider Nest
 50834 | Spider:4 | Reached XP level 16. HP: 134/134 MP: 27/33
 50869 | Spider:4 | Reached skill level 9 in Air Magic
 51830 | Spider:4 | Reached skill level 10 in Air Magic
 52947 | Spider:4 | Reached skill level 11 in Air Magic
 53045 | Spider:4 | Learned a level 6 spell: Conjure Ball Lightning
 53745 | Spider:4 | Got a gossamer rune of Zot
 53746 | Spider:4 | Identified the +0 pair of boots "Lufi" {Harm rC+ Will+
                  | Dex-3}
 53757 | Spider:4 | Identified the +2 hat "Cuorikhewyr" {Harm Stlth+}
 53761 | Spider:4 | Identified the +1 hat "Enubowun" {Harm Int+4}
 53972 | Spider:4 | Reached skill level 12 in Air Magic
 54970 | Swamp:1  | Entered Level 1 of the Swamp
 55815 | Swamp:1  | Noticed Donald
 55820 | Swamp:1  | Reached skill level 1 in Armour
 55821 | Swamp:1  | Killed Donald
 55909 | Swamp:1  | Noticed a tentacled monstrosity
 55919 | Swamp:1  | Killed a tentacled monstrosity
 55920 | Swamp:1  | Reached skill level 2 in Armour
 56514 | Swamp:1  | Identified the +0 chain mail "Mufum" {rPois}
 56804 | Swamp:2  | Reached skill level 3 in Armour
 56805 | Swamp:2  | Noticed Jorgrun
 56906 | Swamp:2  | Killed Jorgrun
 57468 | Swamp:2  | Identified the +4 robe "Rounuw Wirph" {*Corrode +Blink
                  | rPois MP+9}
 57751 | Swamp:2  | You fall into a shaft and drop 1 floor!
 58211 | Swamp:3  | Reached skill level 11 in Fighting
 58215 | Swamp:3  | Reached skill level 4 in Armour
 58752 | Swamp:3  | Found a runed translucent gate.
 58752 | Swamp:3  | Found a runed translucent gate.
 58752 | Swamp:3  | Found a runed translucent gate.
 58752 | Swamp:3  | Noticed a tentacled monstrosity
 58753 | Swamp:3  | Noticed Arximoufas's ghost (adept DsBe)
 58813 | Swamp:3  | Reached skill level 10 in Spellcasting
 59353 | Swamp:3  | Reached XP level 17. HP: 144/144 MP: 31/36
 59775 | Swamp:3  | Identified Roxanne's Monograph on the Switch
 59775 | Swamp:3  | Noticed Roxanne
 59954 | Swamp:3  | Reached skill level 5 in Armour
 59960 | Swamp:3  | Killed Arximoufas's ghost
 59970 | Swamp:3  | Killed a tentacled monstrosity
 60095 | Swamp:3  | Identified the +3 mace "Xecaegea" {heavy, *Rage rF++}
 60144 | Swamp:4  | Entered Level 4 of the Swamp
 60872 | Swamp:4  | Reached skill level 11 in Spellcasting
 61020 | Swamp:4  | Reached skill level 12 in Fighting
 61260 | Swamp:4  | Reached skill level 12 in Spellcasting
 62579 | Swamp:4  | Learned a level 6 spell: Iron Shot
 63149 | Swamp:4  | Reached skill level 7 in Dodging
 63295 | Swamp:4  | Got a decaying rune of Zot
 63890 | Elf:1    | Entered Level 1 of the Elven Halls
 64094 | Elf:1    | Reached skill level 13 in Spellcasting
 64334 | Elf:1    | Reached skill level 9 in Shields
 64812 | Elf:1    | Identified the +12 spear "Feisein" {venom, Dex+4}
 64977 | Elf:1    | Noticed Frances
 64982 | Elf:1    | Killed Frances
 65694 | Elf:1    | Reached skill level 8 in Dodging
 65998 | Elf:1    | Found Vus Ump's Jewellery Boutique.
 65998 | Elf:1    | Found Xopnyngao's Book Emporium.
 65999 | Elf:1    | Found Coowk's Book Emporium.
 66239 | Elf:2    | Reached XP level 18. HP: 154/154 MP: 41/41
 66928 | Elf:2    | Paralysed by an air elemental for 1 turns
 67409 | Elf:2    | Reached skill level 14 in Spellcasting
 67457 | Elf:2    | Found a huge runed translucent gate.
 67457 | Elf:2    | Found a huge runed translucent gate.
 67457 | Elf:2    | Found a huge runed translucent gate.
 67457 | Elf:2    | Found a huge runed translucent gate.
 67459 | Elf:2    | Found a huge runed translucent gate.
 67613 | Elf:2    | Noticed Nikola
 67670 | Elf:3    | Entered Level 3 of the Elven Halls
 67716 | Elf:3    | Reached skill level 10 in Shields
 67726 | Elf:3    | Found a frozen archway.
 67801 | IceCv    | Entered an ice cave
 69042 | IceCv    | Reached skill level 9 in Dodging
 71643 | Elf:3    | Learned a level 7 spell: Spellforged Servitor
 71867 | Elf:3    | Reached skill level 5 in Summonings
 72314 | Elf:3    | Gained mutation: Your body sometimes deteriorates upon
                  | taking damage. [a cacodemon]
 72332 | Elf:3    | Reached skill level 10 in Dodging
 72731 | Elf:3    | Identified the +0 ring mail of Truth {Will+}
 72736 | Elf:3    | Reached skill level 15 in Spellcasting
 72952 | Elf:3    | Reached skill level 6 in Summonings
 73636 | Elf:3    | Reached skill level 7 in Summonings
 73815 | Elf:3    | Identified the +3 cloak "Reat" {rElec rPois Dex-3 Stlth+}
 73856 | Elf:3    | Upgraded the game from 0.30-a0-721-ga6a225cb13 to
                  | 0.30-a0-722-g3e6e8c874d
 74574 | Vaults:1 | Entered Level 1 of the Vaults
 74957 | Vaults:1 | Reached skill level 8 in Summonings
 76099 | Vaults:1 | You fall into a shaft and drop 1 floor!
 76103 | Vaults:2 | Reached skill level 13 in Fighting
 76107 | Vaults:2 | Found Xilidepru's Book Shop.
 76271 | Vaults:1 | Reached XP level 19. HP: 163/163 MP: 27/43
 77126 | Vaults:1 | Reached skill level 14 in Fighting
 77938 | Vaults:2 | Reached skill level 15 in Fighting
 78370 | Vaults:2 | Noticed a bone dragon
 78377 | Vaults:2 | Killed a bone dragon
 78515 | Vaults:2 | Found a staircase to the Crypt.
 79164 | Vaults:2 | Found a transporter.
 79164 | Vaults:2 | Found the +2 hat of the Bear Spirit {Spirit, Bear, *Rage
                  | Will++}
 79176 | Vaults:2 | Found a transporter.
 80335 | Vaults:3 | Reached skill level 13 in Conjurations
 80491 | Vaults:3 | Reached skill level 13 in Air Magic
 80608 | Vaults:3 | Found a huge runed gate.
 80608 | Vaults:3 | Found a huge runed gate.
 80608 | Vaults:3 | Found a huge runed gate.
 80608 | Vaults:3 | Found a huge runed gate.
 80608 | Vaults:3 | Found a huge runed gate.
 80608 | Vaults:3 | Found a huge runed gate.
 80608 | Vaults:3 | Found a huge runed gate.
 80608 | Vaults:3 | Found a huge runed gate.
 80610 | Vaults:3 | Found a huge runed gate.
 80610 | Vaults:3 | Found a huge runed gate.
 80610 | Vaults:3 | Found a huge runed gate.
 80611 | Vaults:3 | Found a huge runed gate.
 80612 | Vaults:3 | Found a huge runed gate.
 80613 | Vaults:3 | Found a huge runed gate.
 80614 | Vaults:3 | Found a huge runed gate.
 80615 | Vaults:3 | Found a huge runed gate.
 80623 | Vaults:3 | Found a huge runed gate.
 80623 | Vaults:3 | Found a huge runed gate.
 80623 | Vaults:3 | Found a huge runed gate.
 80623 | Vaults:3 | Found a huge runed gate.
 80623 | Vaults:3 | Found a huge runed gate.
 80623 | Vaults:3 | Found a huge runed gate.
 80624 | Vaults:3 | Found a huge runed gate.
 81530 | Vaults:3 | Found a huge runed gate.
 81531 | Vaults:3 | Found a huge runed gate.
 81536 | Vaults:3 | Found a huge runed gate.
 81536 | Vaults:3 | Found a huge runed gate.
 81536 | Vaults:3 | Found a huge runed gate.
 81536 | Vaults:3 | Found a huge runed gate.
 81536 | Vaults:3 | Found a huge runed gate.
 81536 | Vaults:3 | Found a huge runed gate.
 81537 | Vaults:3 | Found a huge runed gate.
 81538 | Vaults:3 | Found a huge runed gate.
 81539 | Vaults:3 | Found a huge runed gate.
 81547 | Vaults:3 | Found a huge runed gate.
 81547 | Vaults:3 | Found a huge runed gate.
 81859 | Vaults:3 | Reached skill level 14 in Air Magic
 82464 | Vaults:3 | Reached XP level 20. HP: 178/178 MP: 33/44
 82652 | Vaults:3 | Reached skill level 15 in Air Magic
 82888 | Vaults:3 | Identified the +5 whip "Iggieseb" {heavy, rCorr}
 82889 | Vaults:3 | Identified the ring "Robopn" {rPois Dex+6}
 83345 | Vaults:4 | Reached skill level 11 in Shields
 84088 | Vaults:4 | Reached skill level 12 in Shields
 85179 | Vaults:4 | Noticed Saint Roka
 85185 | Vaults:4 | Killed Saint Roka
 85799 | Depths:1 | Entered Level 1 of the Depths
 86318 | Depths:1 | Found a gateway to Hell.
 87283 | Depths:1 | Identified the ring "Vediblae" {Fire rElec Int-4 Dex+3}
 87387 | Depths:1 | Reached skill level 14 in Conjurations
 87589 | Depths:1 | You fall into a shaft and drop 1 floor!
 88040 | Depths:2 | Found Fyrenwek's Armour Shoppe.
 88393 | Depths:1 | Reached skill level 16 in Spellcasting
 88923 | Depths:2 | Found a one-way gate to the infinite horrors of the Abyss.
 88954 | Depths:2 | Reached XP level 21. HP: 154/184 MP: 30/47
 89018 | Depths:1 | Learned a level 8 spell: Maxwell's Capacitive Coupling
 89524 | Depths:2 | Reached skill level 15 in Conjurations
 90526 | Depths:2 | Found a one-way gate leading to the halls of Pandemonium.
 91009 | Depths:2 | Reached skill level 7 in Evocations
 91540 | Depths:2 | Got the Precepts of the Wheelwright
 91542 | Depths:2 | Identified the +5 demon blade of Purpose {pain, Str+4}
 91545 | Depths:2 | Identified the +1 hand axe of Articulation {elec, rElec
                  | rN+}
 92605 | Depths:3 | Reached skill level 8 in Evocations
 92995 | Depths:2 | Lost mutation: Your body sometimes deteriorates upon taking
                  | damage. [potion of mutation]
 93930 | Depths:3 | Reached skill level 16 in Fighting
 94007 | Depths:3 | Found the +6 shillelagh "Devastator" {shatter}
 94225 | Depths:3 | Found a transporter.
 94230 | Depths:3 | Noticed a juggernaut
 94242 | Depths:3 | Found Lewkyuti's Antique Armour Emporium.
 94594 | Depths:3 | Noticed Uhytecu's ghost (adept MiBe)
 94610 | Depths:3 | Found a transporter.
 94694 | Depths:4 | Entered Level 4 of the Depths
 94694 | Depths:4 | Found a one-way gateway to a ziggurat.
 95108 | Depths:4 | Paralysed by a floating eye for 2 turns
 95266 | Depths:4 | Reached skill level 9 in Evocations
 95277 | Depths:4 | Reached skill level 17 in Spellcasting
 95669 | Depths:4 | Learned a level 3 spell: Swiftness
 95671 | Depths:4 | Learned a level 1 spell: Apportation
 95674 | Depths:4 | Learned a level 2 spell: Sublimation of Blood
 95954 | Depths:4 | Noticed a juggernaut
 95957 | Depths:4 | Killed a juggernaut
 96161 | Depths:4 | Found a gate to the Realm of Zot.
 96873 | Vaults:5 | Entered Level 5 of the Vaults
 96908 | Vaults:5 | Reached XP level 22. HP: 196/196 MP: 36/49
 97224 | Vaults:5 | Reached skill level 10 in Evocations
 97708 | Vaults:5 | Identified the +2 hand crossbow of Fatidoyx {speed, Will+
                  | Str+3}
 98170 | Vaults:5 | Got the Octavo of Fetid Vapour
 98172 | Vaults:5 | Got a silver rune of Zot
 98212 | Vaults:5 | Reached skill level 17 in Fighting
 98459 | Vaults:5 | Identified the ring "Bustro Jehut" {Wiz +Blink rF+ rCorr
                  | Str+2}
 98463 | Vaults:5 | Noticed an ancient lich
 98476 | Vaults:5 | Killed an ancient lich
 98910 | Vaults:5 | Identified the +6 flail of Muwar {flame, Will++}
 99108 | Vaults:5 | Reached skill level 18 in Spellcasting
 99401 | Vaults:5 | Noticed Frederick
 99408 | Vaults:5 | Killed Frederick
 99935 | Vaults:5 | Reached skill level 18 in Fighting
100670 | Vaults:5 | Identified the +3 short sword "Etestrysog" {heavy, +Blink
                  | rCorr}
101156 | Vaults:5 | Learned a level 5 spell: Arcjolt
101541 | Zot:1    | Entered Level 1 of the Realm of Zot
102756 | Zot:1    | Noticed a curse toe
102762 | Zot:1    | Killed a curse toe
103356 | Zot:1    | Reached skill level 11 in Dodging
103356 | Zot:1    | Reached skill level 11 in Evocations
103538 | Zot:1    | Noticed an ancient lich
103858 | Zot:1    | Reached XP level 23. HP: 199/209 MP: 46/51
104098 | Zot:1    | Killed an ancient lich
104445 | Zot:2    | Reached skill level 16 in Air Magic
104602 | Zot:2    | Noticed Parghit
105126 | Zot:2    | Reached skill level 12 in Dodging
105126 | Zot:2    | Reached skill level 12 in Evocations
105218 | Zot:2    | Identified the +9 war axe of Internal Strife {flame, rElec
                  | Int+2}
105219 | Zot:2    | Killed Parghit
106718 | Zot:2    | Identified the +0 helmet of the Guilds {rC+ MP-9 Str+2}
107201 | Zot:3    | Reached skill level 13 in Dodging
107201 | Zot:3    | Reached skill level 13 in Evocations
107955 | Zot:4    | Reached skill level 14 in Dodging
108329 | Zot:4    | Noticed a Killer Klown
108333 | Zot:4    | Killed a Killer Klown
108537 | Zot:4    | Reached skill level 6 in Armour
108879 | Zot:4    | Acquired a book of the Wilderness
109326 | Zot:5    | Entered Level 5 of the Realm of Zot
109445 | Zot:5    | Noticed a Killer Klown
109469 | Zot:4    | Killed a Killer Klown
110280 | Zot:5    | Noticed an orb of fire
110287 | Zot:5    | Killed an orb of fire
110288 | Zot:5    | Reached skill level 7 in Armour
110692 | Zot:5    | Noticed an ancient lich
110696 | Zot:5    | Killed an ancient lich
111043 | Zot:5    | Reached skill level 14 in Evocations
111113 | Zot:5    | Reached XP level 24. HP: 216/216 MP: 17/51
111557 | Zot:5    | Reached skill level 8 in Armour
112071 | Zot:5    | Noticed an orb of fire
112071 | Zot:5    | Noticed a dread lich
112073 | Zot:5    | Got the Orb of Zot
112074 | Zot:5    | Noticed a dread lich
112573 | D:3      | Noticed Imaatt the pandemonium lord
112573 | D:3      | Noticed an ancient lich
112616 | D:$      | Escaped with the Orb!

Illustrated notes

Levels and vault maps discovered:
D:1:      dpeg_arrival_ternary, layout_loops_corners
D:2:      layout_rooms, ebering_ecumenical_altar_rust, uniq_sigmund,
          uniq_natasha
D:3:      layout_rooms, fiery_altar_vehumet, serial_shops, shop_statue
D:4:      layout_rooms, minmay_checkerbox, uniq_duvessa
D:5:      layout_loops_ring, okawaru_ov_weapons_minmay,
          mainiacjoe_overflow_brackets
D:6:      layout_layer_cave, hangedman_abyss_or_decor_stagger, uniq_eustachio
D:7:      layout_layer_cave, eat_drink_and_be_merry_uskayaw, temple_doors_e,
          serial_shops, kennysheep_mini_moat
D:8:      layout_cave_pods, nicolae_overflow_squiral,
          chequers_temple_overflow_statue_of_worship
D:9:      kennysheep_housing_project, layout_loops_cross, minmay_holes
D:10:     layout_layer_cave, erik_lair_dragon, ebering_ghost_disaster_area
D:11:     layout_loops_cross
D:12:     layout_cross, david_orc_1_choice, uniq_snorg
D:13:     layout_loops_ring, skrybe_vaults_entry_preservation,
          ebering_ghost_rock_garden, serial_shops, shop,
          nicolae_shop_hallway_stairs, uniq_urug, uniq_nessos
D:14:     layout_long_grid, ebering_ghost_disaster_area, minmay_misc_feat_square
D:15:     gammafunk_enter_depths_forms, layout_long_grid, minivault_12
Lair:1:   layout_long_grid, uniq_maggie
Lair:2:   layout_cave_pods, minmay_swamp_entry_worms, gauntlet_entry_generic,
          chequers_serial_rivers_small_a, uniq_sonja
Lair:3:   beast_lair_carwin_large_2, layout_cellular_growth,
          spider_nest_entry_rubble, kennysheep_catoblepas_arena,
          grunt_megastairs_1
Lair:4:   layout_gridlike, dpeg_slime_entry_corner, lemuel_fruit_tree,
          uniq_kirke
Lair:5:   minmay_lair_end_frog_pond, layout_cave_pods, st_stairs_6,
          serial_bayou_lagoon_b
Swamp:1:  nicolae_swamp_tree_isthmus, layout_basic_swamp,
          evilmike_swamp_ruin_house_5, swamp_pool1, infiniplex_staircase_pool,
          uniq_donald
Swamp:2:  layout_falls_marsh, serial_swamp_ruin, evilmike_swamp_ruin_house_4,
          evilmike_swamp_ruin_house_2, evilmike_swamp_ruin_house_1, uniq_jorgrun
Swamp:3:  layout_falls_marsh, gammafunk_ghost_split,
          nicolae_swamp_decorative_isthmus, uniq_roxanne
Swamp:4:  swamp_fiery, layout_basic_swamp
Spider:1: layout_spider_delve
Spider:2: layout_spider_delve, nicolae_spider_bug_shape
Spider:3: layout_cave_pods
Spider:4: hellmonk_spider_rune_bug_friends, nicolae_spider_orb_run
Orc:1:    layout_caves, serial_shops, nicolae_shop_waterfront, basic_altar,
          nicolae_shop_gadgets
Orc:2:    st_orc_mages, layout_caves, basic_altar
Elf:1:    minmay_elf_arrival_circle, layout_loops_ring,
          nicolae_elf_shapeshifter_party, minmay_shop_grove, uniq_frances
Elf:2:    elven_hall_of_blades_hangedman_alternative
          [nooodl_blade_entry_preview], layout_onion_city, uniq_nikola
Elf:3:    elf_hall_gauntlet_narrow, layout_loops_corners,
          portal_ice_cave_entry_ugly_swarm
Vaults:1: nicolae_vaults_twisting_passages, v_misc_9,
          nicolae_vaults_stairing_the_circle,
          vaults_room_grunt_arrival_checkpoint, v_rooms_6, v_misc_2,
          nicolae_vaults_hallways_thing, vaults_mumra_chevron_long,
          ontoclasm_vaults_ring_large, ontoclasm_vaults_decontamination,
          nicolae_vaults_little_squares_5, layout_vaults_omnibox
Vaults:2: minmay_crypt_entry_nasty_monster, gammafunk_sealed_arena,
          v_alt_pattern_1, hangedman_vaults_capsules, v_misc_29,
          hangedman_vaults_variations, nicolae_vaults_asterisk,
          ontoclasm_vaults_claustrophobia, dpeg_vaults_monster_row,
          nicolae_vaults_little_squares_3, layout_vaults_omnicross,
          serial_shops, nicolae_shop_waterfront, uniq_margery
Vaults:3: vaults_room_door_ring, vaults_dpeg_diagonal,
          nicolae_vaults_shelves_hall, v_misc_27, door_vault, v_misc_8,
          v_misc_18, vaults_standard_mumra_x, v_alt_pattern_4,
          nicolae_vaults_ninety_degrees, nicolae_vaults_shelves_hall,
          layout_vaults_chaotic_city
Vaults:4: vaults_dpeg_doors, nicolae_vaults_murderbox, grunt_vaults_trifunnel,
          vaults_dpeg_encased_lava, layout_vaults_omnigrid, uniq_saint_roka
Vaults:5: serial_shops, uniq_frederick
Depths:1: layout_honeycomb, minmay_misc_feat_doors, serial_rivers,
          chequers_serial_rivers_small_a, chequers_serial_rivers_micro_b,
          chequers_serial_rivers_micro_a, chequers_serial_rivers_micro_c,
          chequers_serial_rivers_micro_d, chequers_serial_rivers_large_b,
          grunt_mini_vestibule, minmay_fire_ice_demons
Depths:2: evilmike_makhleb_hellhole, layout_honeycomb,
          hangedman_tar_grid_catacomb, serial_shops, shop,
          rand_demon_pan_entry_1, abyss_entry_glasseish, lemuel_blue_sif_altar
Depths:3: minmay_roctagon, layout_cave_pools, hell_entry,
          minmay_room_of_horrors, rand_demon_pan_entry_8, serial_shops, shop,
          gammafunk_ghost_wrathful_warriors, nicolae_figureground_sparkle
Depths:4: evilmike_zot_entry_argh, layout_gridlike, enter_ziggurat_d,
          lemuel_tele_altar, abyss_entry, pf_coc_iceberg
Zot:1:    grunt_deathspiral_small, layout_onion
Zot:2:    cheibrodos_zot_enchanting_chambers, layout_onion_interference,
          st_small_dragon_hoard_4, uniq_parghit
Zot:3:    layout_cathedral_of_symmetry, grunt_megastairs_4
Zot:4:    layout_gridville
Zot:5:    layout_basic

Skill      XL: |  1  2  3  4  5  6  7  8  9 10 11 12 13 14 15 16 17 18 19 20 21 22 23 24 |
---------------+-------------------------------------------------------------------------+-----
Stealth        | 2 3 5 |  5.0
Air Magic      | 1 2 8 12 14 15 16 | 16.0
Transmutations | 1 |  1.0
Spellcasting   | 2 3 4 5 6 7 9 10 13 15 16 17 18 | 18.1
Poison Magic   | 3 5 7 8 |  8.1
Fighting       | 2 3 4 5 6 8 9 10 11 12 13 15 16 18 | 18.0
Conjurations   | 1 2 5 7 10 12 13 14 15 | 15.0
Evocations     | 1 3 4 6 9 11 14 | 14.4
Dodging        | 2 5 6 8 10 11 14 | 14.0
Earth Magic    | 4 5 9 |  9.0
Translocations | 4 |  4.0
Shields        | 4 5 8 9 10 12 | 12.0
Summonings     | 1 4 8 |  8.0
Necromancy     | 8 |  8.0
Armour         | 4 5 7 8 |  8.4
Staves         | |  0.2

Action                     |  1- 3 |  4- 6 |  7- 9 | 10-12 | 13-15 | 16-18 | 19-21 | 22-24 || total
---------------------------+-------+-------+-------+-------+-------+-------+-------+-------++-------
  Melee: Unarmed           |    10 |       |       |       |       |       |       |       ||    10
         Short sword       |    17 |    42 |    52 |    43 |       |       |       |       ||   154
         Dagger            |       |    13 |       |       |       |       |       |       ||    13
         Punch             |       |       |       |     2 |       |       |       |       ||     2
         Staff             |       |       |       |    33 |   108 |    61 |    43 |    44 ||   289
  Throw: Stone             |     4 |       |     1 |     2 |       |       |       |       ||     7
         Dart              |       |       |       |     1 |     3 |       |     1 |     7 ||    12
   Cast: Sting             |    44 |    55 |    11 |     2 |       |       |       |       ||   112
         Poisonous Vapours |    43 |   111 |    11 |     1 |       |       |       |       ||   166
         Mephitic Cloud    |     1 |     5 |     5 |     2 |       |       |       |       ||    13
         Olgreb's Toxic Ra |       |       |    67 |   121 |   248 |   115 |       |       ||   551
         Stone Arrow       |       |       |       |   150 |   471 |   194 |       |       ||   815
         Iskenderun's Myst |       |       |       |     7 |       |     5 |       |       ||    12
         Passwall          |       |       |       |     1 |     1 |       |       |       ||     2
         Blink             |       |       |       |       |    10 |       |     2 |     2 ||    14
         Borgnjor's Vile C |       |       |       |       |    39 |   127 |    85 |   142 ||   393
         Conjure Ball Ligh |       |       |       |       |       |   174 |   189 |       ||   363
         Iron Shot         |       |       |       |       |       |   119 |   188 |   190 ||   497
         Spellforged Servi |       |       |       |       |       |     8 |    59 |   117 ||   184
         Sublimation of Bl |       |       |       |       |       |       |       |     6 ||     6
         Arcjolt           |       |       |       |       |       |       |       |     9 ||     9
         Maxwell's Capacit |       |       |       |       |       |       |       |    17 ||    17
         Apportation       |       |       |       |       |       |       |       |     1 ||     1
  Evoke: Wand              |       |       |     9 |     9 |     5 |     5 |     2 |       ||    30
         Box of beasts     |       |       |       |       |     1 |       |       |       ||     1
         Lightning rod     |       |       |       |       |     7 |     7 |       |       ||    14
         Tin of tremorston |       |       |       |       |       |       |     2 |       ||     2
         Phial of floods   |       |       |       |       |       |       |       |     1 ||     1
    Use: Scroll            |     2 |     4 |     7 |    19 |     9 |     9 |     8 |    14 ||    72
         Potion            |       |       |       |     2 |     3 |       |     1 |     2 ||     8
   Stab: Sleeping          |       |     1 |     1 |       |       |       |       |       ||     2
         Distracted        |       |       |       |       |       |       |       |     1 ||     1
 Armour: Robe              |    18 |     9 |    16 |    54 |   140 |    35 |       |       ||   272
         Troll leather arm |       |       |       |       |       |    68 |    53 |    46 ||   167
  Dodge: Dodged            |    48 |    33 |    43 |   145 |   311 |   207 |   112 |   150 ||  1049
  Block: Kite shield       |       |       |       |       |   300 |   241 |   141 |   109 ||   791

Table legend: (Time is in decaauts)
 A = Elapsed time spent in this place.
 B = Non-inter-level travel time spent in this place.
 C = Inter-level travel time spent in this place.
 D = Time resting spent in this place.
 E = Time spent auto-exploring this place.
 F = Levels seen in this place.
 G = Mean time per level.
                   A        B        C        D        E       F      G
               +--------+--------+--------+--------+--------+-----+--------+
         Total | 113314 | 106169 |   7145 |  37762 |  53841 |  49 | 2312.5 |
       Dungeon |  34532 |  31043 |   3489 |  10699 |  16697 |  15 | 2302.1 |
          Lair |  11476 |  10752 |    724 |   3269 |   6201 |   5 | 2295.2 |
         Swamp |   7834 |   7629 |    205 |   3773 |   2842 |   4 | 1958.5 |
   Spider Nest |   9316 |   9079 |    237 |   3031 |   4929 |   4 | 2329.0 |
  Orcish Mines |   2537 |   2251 |    286 |    729 |   1171 |   2 | 1268.5 |
   Elven Halls |   8234 |   7832 |    402 |   3113 |   3487 |   3 | 2744.7 |
        Vaults |  16044 |  15102 |    942 |   3192 |   9491 |   5 | 3208.8 |
        Depths |  10420 |   9939 |    481 |   3527 |   4874 |   4 | 2605.0 |
           Zot |  10716 |  10339 |    377 |   5058 |   3920 |   5 | 2143.2 |
      Ice Cave |   1500 |   1500 |      0 |   1191 |     44 |   1 | 1500.0 |
      Gauntlet |    700 |    700 |      0 |    179 |    184 |   1 |  700.0 |
               +--------+--------+--------+--------+--------+-----+--------+

Top non-repeatable levels by time:
   Elf:3: 4799 daAuts
Depths:2: 4467 daAuts
     D:2: 4414 daAuts
Vaults:5: 4377 daAuts
Vaults:3: 3882 daAuts
     D:1: 3640 daAuts
   Zot:1: 3636 daAuts
     D:4: 3554 daAuts
 Swamp:3: 3441 daAuts
Spider:3: 3263 daAuts
Vaults:1: 3226 daAuts
  Lair:4: 2984 daAuts
    D:15: 2976 daAuts
Spider:4: 2838 daAuts
  Lair:2: 2663 daAuts
